 Dungeon Crawl Stone Soup version 0.27-a0-1365-ge71e8f7681 (webtiles) character file.

Game seed: 5970527754959124503

1904 2tc the Transmogrifier (level 8, -1/55 HPs)
             Began as a Demonspawn Transmuter on June 28, 2021.
             Was a Follower of Qazlal.
             Slain by a wyvern zombie (10 damage)
             ... on level 6 of the Dungeon.
             The game lasted 00:19:37 (9321 turns).

2tc the Transmogrifier (Demonspawn Transmuter)      Turns: 9321, Time: 00:19:38

Health: -1/55      AC:  5    Str: 11    XL:     8   Next: 94%
Magic:  20/20      EV: 12    Int: 14    God:    Qazlal [*.....]
Gold:   892        SH:  1    Dex: 16    Spells: 1/11 levels left

rFire    . . .     SeeInvis .     - Unarmed
rCold    . . .     Faith    .   (no shield)
rNeg     . . .     Spirit   .   a - +0 robe
rPois    .         Reflect  .   (helmet unavailable)
rElec    .         Harm     .   (no cloak)
rCorr    .         Rampage  .   c - +1 pair of gloves
Will     .....                  (boots currently unavailable)
Stlth    +.........             b - amulet of the acrobat
HPRegen  0.18/turn              f - ring of magical power
MPRegen  0.17/turn              (no ring)

@: appendages, wereblooded
A: talons 2, horns 3, rugged brown scales 1, demonic guardian 1
a: End Transformation, Renounce Religion


You were on level 6 of the Dungeon.
You worshipped Qazlal.
Qazlal was aware of your devotion.
You had temporarily grown beastly talons.
You visited 1 branch of the dungeon, and saw 6 of its levels.

You collected 1312 gold pieces.
You spent 420 gold pieces at shops.

Inventory:

Armour
 a - a +0 robe (worn)
 c - a +1 pair of gloves (worn)
 o - a +0 troll leather armour {Purgy}
Jewellery
 b - an amulet of the acrobat (around neck)
 f - a ring of magical power (left hand)
 p - a ring of protection from cold
Wands
 d - a wand of acid (6)
 g - a wand of iceblast (7)
 h - a wand of mindburst (15)
 k - a wand of digging (6)
Scrolls
 e - 2 scrolls of identify
 j - 2 scrolls of teleportation
 m - a scroll of fear
Potions
 i - a potion of haste
 l - 2 potions of heal wounds
 n - 2 potions of flight
 q - a potion of might {unknown}


   Skills:
 - Level 1.0 Fighting
 - Level 1.7 Dodging
 * Level 6.1 Unarmed Combat
 - Level 2.0 Spellcasting
 - Level 9.3 Transmutations


You had one spell level left.
You knew the following spells:

 Your Spells              Type           Power      Damage    Failure   Level
a - Beastly Appendage     Tmut           54%        N/A       1%          1
b - Wereblood             Tmut           27%        N/A       1%          2
c - Spider Form           Tmut/Pois      7%         N/A       11%         3
d - Ice Form              Ice/Tmut       14%        N/A       34%         4

Your spell library contained the following spells:

 Spells                   Type           Power      Damage    Failure   Level
 Foxfire                  Conj/Fire      4%         2x1d4     24%         1
 Conjure Flame            Conj/Fire      1%         6-21      56%         3
 Inner Flame              Hex/Fire       1%         N/A       56%         3
 Sticky Flame             Conj/Fire      1%         2d3       93%         4
 Fireball                 Conj/Fire      0%         3d3       100%        5


Dungeon Overview and Level Annotations

Branches:
Dungeon (6/15)
 Temple: D:4-7

Altars:
Elyvilon
Gozag
Qazlal
Ru
Sif Muna
Wu Jian
Yredelemnul

Shops:
D:1 *   D:6 *


Innate Abilities, Weirdness & Mutations

You have temporarily grown beastly talons.
You have a pair of large horns on your head.
You are partially covered in rugged brown scales. (AC +1, +3% HP)
A weak demonic guardian rushes to your aid.


Message History

You howl as the wereblood boils in your veins!
The hound bites you.
You punch the hound!
You feel a bit better.
You kill the hound!
Qazlal accepts your kill.
You barely miss the wyvern zombie. Your kick misses the wyvern zombie.
The wyvern zombie bites you but does no damage.
The orc wizard hits you with a +0 dagger.
You hit the wyvern zombie. You claw the wyvern zombie.
The wyvern zombie is lightly damaged.
The wyvern zombie closely misses you.
The orc wizard hits you but does no damage.
The wyvern zombie bites you!
You barely miss the orc wizard.
The orc wizard casts a spell.
The orc wizard flickers and vanishes!
Deactivating autopickup; reactivate with Ctrl-A.
The wyvern zombie barely misses you.
You hit something. The wyvern zombie barely misses you.
Something hits you but does no damage.
You hit something. You headbutt something.
You feel a bit better. Qazlal accepts your kill.
Reactivating autopickup.
You feel a bit more experienced. The wyvern zombie bites you.
You hit the wyvern zombie. You claw the wyvern zombie.
The wyvern zombie is lightly damaged.
The wyvern zombie misses you.
You punch the wyvern zombie!
The wyvern zombie is heavily damaged.
The wyvern zombie barely misses you. The wyvern zombie bites you!
You punch the wyvern zombie! Your kick misses the wyvern zombie.
You punch the wyvern zombie.
The wyvern zombie is severely damaged.
The wyvern zombie bites you!
* * * LOW HITPOINT WARNING * * *
A demonic guardian appears!
You hit the wyvern zombie.
The wyvern zombie is severely damaged.
The wyvern zombie bites you!
You die...

#.# #.# #>. ... #.#
#.#.#.# ##.#5#.#
+.Z).#.# . # #@###.# #.
... #)..#.# #..
#?..##.#.#.#####..#####
#.................⌠.⌠.
#######.#.#####....∩..
#..#.#.#.......⌠.⌠#
#..#.#.#...........
#....#.#......#####
##.#..#.#......# #


You could see a wyvern zombie (ally target) and a friendly shadow imp
(summoned).

Vanquished Creatures
  2 centaur zombies
  A water moccasin (D:4)
  Purgy (D:3)
  An orc warrior (D:6)
  2 ogres
  A centaur (D:5)
  A phantom (D:5)
  A kobold brigand (D:5)
  A scorpion (D:5)
  A howler monkey (D:5)
  A bullfrog zombie (D:5)
  6 hounds
  A jelly (D:5)
  2 orc priests
  Terence (D:3)
  4 iguanas
  3 orc wizards
  Natasha (thrice) (D:3)
  4 adders
  2 white imps
  An ufetubus (D:4)
  An adder skeleton (D:5)
  A worm (D:2)
  A dart slug (D:3)
  11 orcs
  9 endoplasms
  8 goblins
  5 hobgoblins
  17 jackals
  9 kobolds
  A quokka (D:2)
  5 ball pythons
  7 bats
  5 frilled lizards
  4 rats
124 creatures vanquished.

Vanquished Creatures (collateral kills)
  Blork the orc (D:5)
  A giant cockroach (D:2)
  A jackal (D:2)
3 creatures vanquished.

Grand Total: 127 creatures vanquished

Notes
Turn   | Place    | Note
-------+----------+-------------------------------------------
     0 | D:1      | 2tc the Demonspawn Transmuter began the quest for the Orb.
     0 | D:1      | Reached XP level 1. HP: 15/15 MP: 3/3
   392 | D:1      | Mutation became permanent: You have a pair of small horns
                  | on your head. [demonic ancestry]
   392 | D:1      | Gained mutation: You have a pair of horns on your head.
                  | [demonic ancestry]
   392 | D:1      | Reached XP level 2. HP: 16/21 MP: 3/5
   851 | D:1      | Learned a level 2 spell: Wereblood
  1009 | D:1      | Found Isterph's General Store.
  1650 | D:2      | Gained mutation: A weak demonic guardian rushes to your
                  | aid. [demonic ancestry]
  1650 | D:2      | Reached XP level 3. HP: 25/26 MP: 2/6
  1979 | D:2      | Identified a scroll of acquirement
  1979 | D:2      | Acquired 993 gold pieces
  2006 | D:2      | Found a sacrificial altar of Ru.
  2240 | D:2      | Found a faded altar of an unknown god.
  2558 | D:3      | Noticed an ogre
  2626 | D:3      | Noticed Natasha
  2632 | D:2      | Gained mutation: You have a pair of horns on your head.
                  | [demonic ancestry]
  2632 | D:2      | Reached XP level 4. HP: 16/32 MP: 7/7
  2798 | D:3      | Killed Natasha
  2971 | D:3      | Noticed Terence
  3018 | D:3      | Noticed Natasha
  3021 | D:3      | Killed Natasha
  3022 | D:3      | Reached skill level 5 in Unarmed Combat
  3022 | D:3      | Reached skill level 2 in Transmutations
  3026 | D:3      | Learned a level 3 spell: Spider Form
  3040 | D:3      | You fall into a shaft and drop 2 floors!
  3040 | D:5      | Entered Level 5 of the Dungeon
  3189 | D:5      | Gained mutation: You have a pair of large horns on your
                  | head. [demonic ancestry]
  3189 | D:5      | Reached XP level 5. HP: 15/37 MP: 6/8
  3578 | D:5      | Reached skill level 3 in Transmutations
  3646 | D:5      | Found a stormy altar of Qazlal.
  3649 | D:5      | Became a worshipper of Qazlal Stormbringer
  3677 | D:5      | Noticed a centaur
  3739 | D:5      | Killed a centaur
  3740 | D:5      | Reached skill level 4 in Transmutations
  3740 | D:5      | Reached XP level 6. HP: 8/43 MP: 9/9
  4078 | D:5      | Noticed Blork the orc
  4092 | D:5      | Killed Blork the orc
  4107 | D:5      | Reached skill level 5 in Transmutations
  4377 | D:5      | Gained mutation: You are partially covered in rugged brown
                  | scales. (AC +1, +3% HP) [demonic ancestry]
  4377 | D:5      | Reached XP level 7. HP: 15/49 MP: 10/10
  4873 | D:5      | Reached skill level 6 in Transmutations
  5254 | D:5      | Reached skill level 7 in Transmutations
  5254 | D:5      | Reached XP level 8. HP: 37/55 MP: 11/11
  5259 | D:5      | Learned a level 4 spell: Ice Form
  5592 | D:5      | Found an ornate altar of the Wu Jian Council.
  5592 | D:5      | Found an opulent altar of Gozag.
  5593 | D:5      | Found a basalt altar of Yredelemnul.
  6160 | D:4      | Reached skill level 8 in Transmutations
  6695 | D:4      | Reached * piety under Qazlal
  7970 | D:3      | Killed Terence
  8210 | D:3      | Noticed Purgy
  8221 | D:3      | Killed Purgy
  8222 | D:3      | Reached skill level 9 in Transmutations
  8351 | D:3      | Noticed Natasha
  8357 | D:3      | Killed Natasha
  8874 | D:6      | Found Tuhifru's General Store.
  8882 | D:6      | Bought a potion of heal wounds for 70 gold pieces
  8882 | D:6      | Bought a ring of protection from cold for 350 gold pieces
  9025 | D:6      | Found a shimmering blue altar of Sif Muna.
  9321 | D:6      | Slain by a wyvern zombie

Illustrated notes

Levels and vault maps discovered:
D:1:      dpeg_arrival_windows_large_door, layout_basic, serial_shops, shop,
          minmay_misc_feat_four_crosses
D:2:      layout_loops_ring, basic_altar,
          shapermc_ecumenical_altar_mp_ritualfount, hangedman_decor_push
D:3:      layout_basic, uniq_natasha, uniq_purgy, uniq_terence
D:4:      layout_basic, nicolae_elyvilon_peaceful_grove, serial_park_tiny_2,
          corexii_corridor_pit, minmay_misc_feat_encased,
          kennysheep_generic_room_11
D:5:      layout_loops_corners, kennysheep_mini_moat,
          gammafunk_temple_overflow_claw, uniq_blork_the_orc
D:6:      layout_basic, led_sif_pool, serial_shops, shop_fountains,
          kennysheep_pointless_box, dk_noncrumbling_3

Skill      XL: |  1  2  3  4  5  6  7  8 |
---------------+-------------------------+-----
Unarmed Combat | 3 4 5 6 |  6.1
Transmutations | 2 4 5 7 9 |  9.3
Fighting       | |  1.0
Dodging        | |  1.7
Spellcasting   | |  2.0

Action                   |  1- 3 |  4- 6 |  7- 9 || total
-------------------------+-------+-------+-------++-------
Melee: Unarmed           |   144 |    75 |   221 ||   440
       Kick              |    16 |    11 |    57 ||    84
       Headbutt          |    12 |    13 |    39 ||    64
       Punch             |     2 |     2 |     8 ||    12
 Cast: Beastly Appendage |    18 |     6 |    30 ||    54
       Wereblood         |     2 |     2 |     5 ||     9
       Spider Form       |       |     1 |       ||     1
       Ice Form          |       |       |     1 ||     1
Evoke: Wand              |       |     2 |       ||     2
  Use: Scroll            |     2 |     4 |     8 ||    14
 Stab: Sleeping          |       |       |     3 ||     3
       Distracted        |       |       |     1 ||     1
Armor: Robe              |    22 |    13 |    54 ||    89
       Skin              |       |       |     2 ||     2
Dodge: Dodged            |   119 |    63 |   136 ||   318
Block: Other             |       |       |     3 ||     3

Table legend: (Time is in decaauts)
 A = Elapsed time spent in this place.
 B = Non-inter-level travel time spent in this place.
 C = Inter-level travel time spent in this place.
 D = Time resting spent in this place.
 E = Time spent auto-exploring this place.
 F = Levels seen in this place.
 G = Mean time per level.
                   A        B        C        D        E       F      G
               +--------+--------+--------+--------+--------+-----+--------+
         Total |   9289 |   8912 |    377 |   2615 |   5365 |   6 | 1548.2 |
       Dungeon |   9289 |   8912 |    377 |   2615 |   5365 |   6 | 1548.2 |
               +--------+--------+--------+--------+--------+-----+--------+

Top non-repeatable levels by time:
     D:5: 2742 daAuts
     D:4: 1976 daAuts
     D:1: 1560 daAuts
     D:2: 1240 daAuts
     D:3: 1054 daAuts
     D:6: 714 daAuts
